Map: Seeds of Aiur

Players

ILIEKEGGPIE - Winner!

  • Race: Protoss Protoss
  • League: Platinum
  • Spawn Location: 7:00

DarkKing - Winner!

  • Race: Zerg Zerg
  • League: Platinum
  • Spawn Location: 7:00

DedAndrey

  • Race: Zerg Zerg
  • Spawn Location: 1:00

mattpark

  • Race: Terran Terran
  • League: Platinum
  • Spawn Location: 1:00

VOD

Have the link to the VOD?

Description

Time

  • Played on: June 6, 2018, 11:06 p.m.
  • Length: 12:41
Show
View Real Time Build Order
Export as new Build Order

ILIEKEGGPIE Protoss - Winner!

Build Orders: 1 Gate Expand, Phoenix Opening 

Get SALT Encoding   

  12  0:04  Probe  
  13  0:16  Probe  
  13  0:19  Pylon  
  14  0:26  Probe  
  15  0:34  Probe  
  15  0:40  Gateway  
  16  0:42  Probe  
  17  0:54  Probe  
  17  0:55  Assimilator  
  18  1:07  Probe  
  19  1:23  Nexus  
  19  1:37  Cybernetics Core  
  19  1:44  Probe  
  20  1:56  Probe  
  20  1:57  Assimilator  
  20  2:00  Pylon  
  21  2:08  Probe  
  22  2:20  Probe  
  23  2:23  Zealot  
  23  2:29  Stargate  
  23  2:34  Probe  
  25  2:38  Probe  
  27  2:50  Probe  
  28  2:56  Probe  
  29  2:58  Pylon  
  29  3:01  Warp Gate  
  29  3:02  Probe  
  30  3:08  Probe  
  31  3:13  Phoenix  
  31  3:14  Probe  
  34  3:20  Probe  
  34  3:26  Probe  
  36  3:28  Probe  
  37  3:36  Probe  
  37  3:37  Phoenix  
  37  3:38  Probe  
  41  3:44  Stargate  
  41  3:46  Probe  
  41  3:50  Probe  
  41  3:51  Assimilator  
  41  3:52  Assimilator  
  41  3:54  Phoenix  
  43  3:56  Pylon  
  43  3:58  Probe  
  46  4:03  Probe  
  47  4:11  Pylon  
  47  4:14  Probe  
  47  4:15  Probe  
  49  4:19  Phoenix  
  51  4:27  Probe x2  
  51  4:29  Phoenix  
  53  4:36  Phoenix  
  55  4:39  Probe x2  
  59  4:49  Pylon  
  59  4:51  Probe  
  60  4:56  Pylon  
  60  4:58  Phoenix  
  62  5:07  Probe  
  62  5:11  Robotics Facility  
  62  5:13  Nexus  
  63  5:16  Probe  
  63  5:19  Probe  
  65  5:27  Pylon  
  65  5:32  Pylon  
  65  5:39  Fleet Beacon  
  65  5:45  Pylon  
  65  6:00  Pylon  
  65  6:12  Carrier  
  65  6:13  Carrier  
  65  6:35  Probe  
  65  6:36  Probe x2  
  65  6:38  Assimilator  
  65  6:39  Assimilator  
  80  6:42  Shield Battery x2  
  80  6:43  Shield Battery  
  80  6:44  Probe  
  81  6:48  Probe x2  
  81  6:52  Probe  
  83  6:54  Pylon  
  83  7:00  Probe  
  83  7:01  Probe x2  
  87  7:12  Probe  
  87  7:13  Graviton Catapult, Probe x2  
  90  7:29  Probe x3  
  93  7:31  Carrier x2  
  93  7:34  Stargate  
  93  7:38  Pylon  
  93  7:41  Stargate  
  93  7:43  Probe x3  
  108  7:44  Pylon  
  108  8:19  Shield Battery  
  108  8:20  Shield Battery  
  108  8:21  Carrier x2  
  108  8:23  Shield Battery  
  108  8:24  Shield Battery  
  108  8:26  Shield Battery, Observer  
  109  8:27  Shield Battery  
  111  8:57  Carrier  
  117  9:07  Protoss Air Weapons Level 1  
  115  9:24  Forge  
  115  9:26  Probe  
  116  9:33  Forge  
  116  9:34  Forge  
  116  9:54  Observer  
  116  9:58  Forge  
  117  10:07  Forge  
  117  10:12  Observer  
  118  10:30  Carrier  
  118  10:31  Carrier x2  
  118  10:33  Observer  
  115  10:39  Carrier  
  139  10:55  Photon Cannon  
  139  11:02  Photon Cannon  
  146  12:07  Pylon, Nexus  
  146  12:08  Pylon  
  152  12:10  Pylon x2  
  152  12:14  Pylon  
Show
View Real Time Build Order
Export as new Build Order

DarkKing Zerg - Winner!

Build Orders: Hatch First 

Get SALT Encoding   

  12  0:02  Drone  
  13  0:08  Drone  
  14  0:20  Overlord  
  14  0:38  Drone  
  14  0:39  Drone  
  16  0:55  Drone  
  17  0:57  Extractor  
  17  0:59  Drone  
  17  1:01  Hatchery  
  16  1:15  Spawning Pool  
  15  1:23  Drone x2  
  17  1:26  Drone  
  18  1:37  Drone  
  19  1:46  Drone  
  20  1:57  Overlord  
  20  2:02  Queen  
  20  2:05  Metabolic Boost  
  22  2:17  Drone  
  22  2:18  Zergling x2  
  22  2:19  Zergling x2  
  25  2:28  Drone x2  
  27  2:35  Zergling x2  
  28  2:41  Zergling x2  
  29  2:54  Zergling x4  
  31  2:59  Roach Warren  
  31  3:01  Drone  
  31  3:03  Queen  
  31  3:05  Drone  
  34  3:12  Drone x2  
  36  3:16  Overlord  
  36  3:17  Overlord  
  35  3:39  Overlord  
  35  3:41  Roach x4  
  41  4:37  Drone  
  41  4:39  Drone x4  
  41  4:41  Roach x2  
  41  4:42  Roach x5, Extractor  
  56  4:51  Overlord  
  56  4:59  Drone x2  
  58  5:00  Drone  
  58  5:04  Drone  
  58  5:06  Lair  
  60  5:10  Evolution Chamber  
  60  5:11  Evolution Chamber  
  60  5:13  Drone x3, Extractor  
  60  5:15  Overlord  
  60  5:19  Extractor  
  59  5:29  Drone  
  59  5:31  Drone  
  59  5:32  Drone x3  
  64  5:39  Zerg Ground Armor Level 1, Zerg Missile Weapons Level 1  
  64  5:49  Drone  
  65  5:51  Drone x2  
  65  5:54  Roach x3  
  73  6:03  Glial Reconstitution  
  73  6:12  Drone x3  
  73  6:16  Overlord x2  
  73  6:17  Overlord x2  
  76  6:36  Roach x4  
  76  6:37  Ravager  
  76  6:38  Ravager x4  
  89  6:54  Roach x3  
  89  6:55  Roach x3  
  101  7:19  Roach x3  
  101  7:20  Overlord  
  101  7:21  Overlord x3  
  107  7:36  Zerg Ground Armor Level 2, Zerg Missile Weapons Level 2  
  107  8:05  Pneumatized Carapace  
  107  8:10  Overseer x2  
  107  8:23  Roach x4  
  107  8:24  Roach x2  
  119  8:27  Ravager  
  109  8:49  Roach x4  
  109  8:50  Roach x2  
  121  9:03  Roach x2  
  121  9:30  Roach x4  
  129  9:33  Overseer  
  127  9:49  Overlord x4  
  127  9:54  Overseer  
  127  9:58  Ravager x4  
  131  10:01  Overlord  
  131  10:29  Roach x3  
  131  10:30  Roach x7  
  138  10:58  Roach x6  
  138  11:03  Ravager x4  
  152  11:49  Roach x2  
  152  11:50  Roach x8  
  169  12:14  Overseer x2  
Show
View Real Time Build Order
Export as new Build Order

DedAndrey Zerg 

Build Orders: Pool First 

Get SALT Encoding   

  12  0:02  Drone  
  13  0:12  Overlord  
  13  0:18  Drone  
  14  0:31  Drone x2  
  17  0:35  Drone  
  17  0:51  Spawning Pool, Drone  
  17  0:57  Drone  
  18  1:17  Hatchery  
  18  1:18  Drone  
  18  1:26  Drone  
  18  1:32  Overlord  
  19  1:39  Queen  
  21  1:42  Drone  
  22  1:50  Extractor  
  22  1:51  Drone  
  22  2:02  Drone  
  23  2:11  Drone  
  23  2:14  Queen  
  26  2:23  Drone  
  27  2:30  Drone  
  27  2:33  Queen  
  30  2:42  Drone  
  30  2:43  Drone  
  32  2:50  Overlord  
  32  2:54  Drone x4  
  36  3:02  Metabolic Boost  
  36  3:07  Spore Crawler  
  36  3:11  Spore Crawler  
  34  3:13  Drone x4  
  38  3:21  Overlord  
  38  3:25  Drone  
  38  3:26  Drone x3  
  42  3:40  Zergling x4  
  44  3:42  Baneling Nest  
  43  3:49  Hatchery  
  42  3:57  Lair  
  42  4:01  Extractor  
  41  4:09  Zergling x2  
  41  4:10  Zergling x16  
  49  4:23  Drone x2  
  51  4:41  Overlord x4  
  51  4:49  Baneling x2  
  51  4:54  Overlord x3  
  51  5:04  Hydralisk Den  
  50  5:07  Drone  
  50  5:08  Drone x4, Extractor  
  50  5:12  Extractor  
  53  5:18  Overseer  
  53  5:23  Drone x4  
  53  5:24  Drone  
  58  5:31  Overseer  
  58  5:35  Pneumatized Carapace  
  58  5:38  Drone x7  
  58  5:39  Drone x2  
  67  5:57  Hydralisk x5  
  67  6:00  Spore Crawler  
  67  6:01  Spore Crawler x2  
  74  6:13  Spore Crawler  
  74  6:15  Spore Crawler  
  72  6:18  Spore Crawler  
  72  6:19  Grooved Spines  
  72  6:22  Overlord x2  
  71  6:38  Hydralisk x5  
  81  6:42  Drone x6  
  87  6:50  Spore Crawler  
  87  6:52  Drone x4  
  87  6:53  Drone x2  
  92  7:09  Evolution Chamber  
  92  7:14  Evolution Chamber  
  90  7:30  Muscular Augments  
  90  7:34  Overlord x2  
  90  7:35  Overlord x3, Spore Crawler  
  89  7:39  Zerg Missile Weapons Level 1  
  89  7:40  Spore Crawler, Zerg Ground Armor Level 1  
  88  7:52  Spire  
  88  7:54  Hydralisk x6  
  99  8:09  Hydralisk  
  99  8:10  Hydralisk x3  
  107  8:31  Lurker Den  
  94  8:49  Overlord x3  
  94  8:56  Zergling x14  
  94  8:57  Zergling x8  
  105  9:12  Overseer  
  105  9:13  Overseer  
  105  9:20  Corruptor x5  
  109  9:33  Zergling x2  
  109  9:34  Zergling x10  
  112  10:00  Lurker x3  
  112  10:03  Zergling x16  
  112  10:04  Zergling x2  
  56  10:51  Queen  
  56  10:54  Queen  
  60  11:03  Mutalisk  
  62  11:05  Mutalisk x4  
  62  11:06  Mutalisk  
  64  11:45  Overlord  
  49  12:02  Drone x3  
Show
View Real Time Build Order
Export as new Build Order

mattpark Terran 

Build Orders:  

Get SALT Encoding   

  12  0:01  SCV  
  13  0:13  SCV  
  14  0:22  Supply Depot  
  14  0:25  SCV  
  15  0:44  SCV  
  15  0:45  Barracks  
  16  0:52  Refinery  
  16  0:56  SCV  
  17  1:12  SCV  
  18  1:25  SCV  
  19  1:33  Marine  
  19  1:39  Supply Depot  
  20  1:45  Orbital Command  
  20  1:50  Refinery  
  20  1:51  Marine  
  20  1:59  Bunker  
  20  2:09  Marine  
  20  2:14  Factory  
  21  2:19  SCV  
  22  2:27  Marine  
  23  2:31  SCV  
  24  2:43  Bunker  
  24  2:45  Marine  
  24  2:46  SCV  
  26  2:59  SCV  
  26  3:03  Marine  
  26  3:05  Supply Depot  
  28  3:07  Factory Tech Lab  
  28  3:11  SCV  
  29  3:16  Supply Depot  
  29  3:23  SCV  
  30  3:28  Starport  
  30  3:29  Starport  
  28  3:39  Siege Tank  
  31  3:49  Supply Depot  
  31  4:03  Marine  
  31  4:09  Supply Depot  
  32  4:21  Marine  
  19  4:50  SCV  
  20  5:02  SCV  
  21  5:13  Starport  
  21  5:15  SCV  
  22  5:24  Starport Tech Lab  
  22  5:27  Starport Tech Lab, SCV  
  23  5:39  SCV  
  24  5:51  SCV  
  24  5:54  Banshee x2  
  24  5:56  Cloaking Field  
  30  6:03  SCV  
  19  6:28  Marine  
  20  6:46  Marine  
  21  7:03  Marine  
  18  7:16  Banshee  
  21  7:30  Banshee  
  27  7:44  Siege Tank  
  27  7:47  Marine  
  27  8:13  Banshee  
  27  8:16  SCV  
  28  8:45  Marine  
  26  9:03  Marine  
  21  9:12  SCV  
  22  9:21  Marine  
  22  9:24  SCV  
  24  9:36  SCV  
  18  9:48  SCV, Viking  
  21  10:02  Armory  
  21  10:31  Marine  
  24  10:48  Marine  
  5  11:31  Command Center  
Tags
 
Add a new tag
Caveats
  • Supply blocks, unpowered buildings, or Contaminate may cause inaccurate times.
  • Supply counts are checked every 10 seconds.